 Dungeon Crawl Stone Soup version 0.21.1-1-g345015f (webtiles) character file.

12207 Lapis the Geomancer (level 11, -1/76 HPs)
             Began as a Gargoyle Earth Elementalist on Feb 10, 2018.
             Was a High Priest of Cheibriados.
             Slain by an enchanted great sword (14 damage)
             ... on level 10 of the Dungeon.
             The game lasted 00:30:41 (11015 turns).

Lapis the Geomancer (Gargoyle Earth Elementalist)  Turns: 11015, Time: 00:30:42

Health: -1/76      AC: 13    Str: 26    XL:     11   Next: 89%
Magic:  0/22       EV: 19    Int: 33    God:    Cheibriados [*****.]
Gold:   578        SH:  0    Dex: 24    Spells: 10/25 levels left

rFire    + . .     SeeInvis .   F - +6 scimitar (freeze)
rCold    . . .     Gourm    .   (no shield)
rNeg     + . .     Faith    .   I - +0 troll leather armour
rPois    ∞         Spirit   .   (no helmet)
rElec    +         Reflect  .   L - +0 cloak
rCorr    .         Harm     .   (no gloves)
MR       .....                  (no boots)
Stlth    ++........             (no amulet)
HPRegen  0.62/turn              a - ring of wizardry
MPRegen  0.18/turn              i - ring of protection from fire

@: very slow
A: mutation resistance 1, negative energy resistance 1, robust 2, electricity
resistance, unbreathing, petrification resistance, rot immunity, AC +8
a: Bend Time, Temporal Distortion, Slouch, Step From Time, Renounce Religion


You were on level 10 of the Dungeon.
You worshipped Cheibriados.
Cheibriados was extremely pleased with you.
You were very hungry.

You visited 2 branches of the dungeon, and saw 11 of its levels.

You collected 666 gold pieces.
You spent 88 gold pieces at shops.

Inventory:

Hand Weapons
 h - a +0 blowgun
 y - a +0 vampiric spear
 F - a +6 scimitar of freezing (weapon)
Missiles
 b - 153 stones (quivered)
 C - a throwing net
 N - 9 curare-tipped needles
Armour
 c - a +0 robe
 n - a +0 ring mail of cold resistance
 q - a +2 ring mail of poison resistance
 I - a +0 troll leather armour (worn)
 L - a +0 cloak (worn)
Magical Staves
 D - an uncursed staff of conjuration
Jewellery
 a - a ring of wizardry (left hand)
 i - a ring of protection from fire (right hand)
Wands
 J - a wand of flame (19)
 K - a wand of acid (11)
Scrolls
 f - 5 scrolls of teleportation
 g - a scroll of blinking {unknown}
 k - 3 scrolls of noise
 o - a scroll of magic mapping {unknown}
 u - 5 scrolls of remove curse
 x - 3 scrolls of enchant weapon
 E - a scroll of holy word {unknown}
 H - a scroll of vulnerability {unknown}
 M - a scroll of identify
Potions
 j - 3 potions of heal wounds
 l - 3 potions of flight
 m - 3 potions of ambrosia
 p - a potion of lignification {unknown}
 r - a potion of cancellation
 s - 3 potions of brilliance
 t - a potion of agility {unknown}
 v - a potion of invisibility {unknown}
 w - 3 potions of curing
 z - 2 potions of haste
 A - a potion of magic
 B - 3 potions of mutation
 G - a potion of might {unknown}
Books
 e - a book of Geomancy

   Spells                             Type                      Level
   a - Sandblast                      Earth                        1
   b - Passwall                       Transmutation/Earth          2
   c - Stone Arrow                    Conjuration/Earth            3
   d - Petrify                        Transmutation/Earth          4
   e - Lee's Rapid Deconstruction     Earth                        5
Comestibles
 d - 25 rations


   Skills:
 - Level 6.0 Fighting
 - Level 3.0 Long Blades
 - Level 4.0 Armour
 * Level 7.7 Dodging
 - Level 2.1 Stealth
 + Level 7.6 Spellcasting
 * Level 7.2 Conjurations
 - Level 0.7 Transmutations
 + Level 10.0 Earth Magic
 * Level 6.7 Invocations


You had 10 spell levels left.
You knew the following spells:

 Your Spells              Type           Power        Failure   Level  Hunger
a - Sandblast             Erth           ######       1%          1    None
b - Passwall              Tmut/Erth      #####.....   1%          2    None
c - Stone Arrow           Conj/Erth      ######       1%          3    None
d - Petrify               Tmut/Erth      #####...     1%          4    None
e - Lee's Rapid Deconstr  Erth           ######....   1%          5    ####...


Dungeon Overview and Level Annotations

Branches:
Dungeon (10/15)            Temple (1/1) D:5            Lair (0/6) D:8
    Orc: D:9-12

Altars:
Ashenzari
Cheibriados
Dithmenos
Elyvilon
Fedhas
Gozag
Hepliaklqana
Kikubaaqudgha
Makhleb
Nemelex Xobeh
Okawaru
Qazlal
Ru
Sif Muna
Trog
Uskayaw
Vehumet
Wu Jian
Xom
Yredelemnul
Zin
The Shining One

Shops:
D:4 *   D:8 (

Annotations:
D:10 Erica, Harold


Innate Abilities, Weirdness & Mutations

You are resistant to torment.
Your stone body is resilient. (AC +8)
You are immune to poison.
You resist negative energy. (rN+)
You are resistant to electric shocks. (rElec)
You can survive without breathing.
You are immune to petrification.
You are immune to rotting.
You are somewhat resistant to further mutation.
You are very robust. (+20% HP)


Message History

The wall shatters!
The blast of rock fragments hits Joseph.
You kill Joseph!
Cheibriados thoroughly appreciates the change of pace.
The blast of rock fragments hits the enchanted great sword.
The enchanted great sword is severely damaged.
You are feeling very hungry.
You hear a shout!
The enchanted great sword closely misses you.
Unknown command.
Unknown command.
Unknown command.
You hit the enchanted great sword.
The enchanted great sword is severely damaged.
The enchanted great sword hits you!!
* * * LOW HITPOINT WARNING * * *
You closely miss the enchanted great sword.
The enchanted great sword is severely damaged.
The enchanted great sword hits you!
You die...

#......)...............#
#..#...###...###.......#
.l# #. #...# #...#
#.......# .... . #...#
#...# #.......##..l.#
#...# #...#
#.......@...... #...#
#...# #....@.(.......
#...# #...#
#@.(((.####.... #...
#...# #(###..# .
#...###@# #..# #.......#
#..# #.......# #..#
#..###..# #..# ....
#...# #..# ###.. ##..#
#..# #.. #..# #..# #..#
#..# #..# #..#


You could see Harold and an enchanted great sword.

Vanquished Creatures
  5 two-headed ogres
  Sonja (D:10)
  Pikel (D:5)
  Joseph (D:10)
  A centaur skeleton (D:10)
  2 trolls (D:9)
  A hornet (D:8)
  A slime creature (D:5)
  2 hippogriffs
  A wyvern (D:8)
  4 hogs (D:7)
  Grum (D:10)
  A human (D:7)
  5 ice beasts
  6 orc warriors
  2 slaves (D:5)
  A black bear (D:6)
  A necrophage (D:9)
  A phantom (D:10)
  An eye of draining (D:10)
  4 ogres
  2 wolves (D:10)
  A centaur (D:7)
  2 crocodiles (D:8)
  2 big kobolds
  10 bullfrogs
  A wyvern skeleton (D:8)
  A gnoll sergeant (D:8)
  3 killer bees (D:9)
  4 scorpions
  10 wights
  A howler monkey (D:7)
  4 crimson imps
  4 quasits
  7 orc priests
  A bullfrog zombie (D:7)
  3 hounds
  6 jellies
  9 orc wizards
  2 bullfrog skeletons
  2 iguanas
  3 worker ants
  A hound zombie (D:5)
  A hound skeleton (D:4)
  A worker ant zombie (D:7)
  7 gnolls (D:8)
  6 adders
  2 shadow imps
  9 oozes
  2 adder zombies
  2 adder skeletons
  A worm (D:2)
  6 dart slugs
  7 leopard geckos
  40 orcs
  3 bats
  9 giant cockroaches
  7 goblins
  6 hobgoblins
  8 jackals
  19 kobolds
  3 quokkas
  2 ball pythons
  5 frilled lizards
  A giant cockroach zombie (D:5)
  A quokka zombie (D:7)
  3 rats
  A spectral orc (D:7)
274 creatures vanquished.

Vanquished Creatures (others)
  A quokka (D:8)
  6 fungi
  7 toadstools (D:5)
14 creatures vanquished.

Grand Total: 288 creatures vanquished

Notes
Turn   | Place    | Note
-------+----------+-------------------------------------------
     0 | D:1      | Lapis the Gargoyle Earth Elementalist began the quest for the Orb.
     0 | D:1      | Reached XP level 1. HP: 10/10 MP: 3/3
   108 | D:1      | Reached skill level 4 in Earth Magic
   187 | D:1      | Reached XP level 2. HP: 15/15 MP: 0/5
   458 | D:1      | Learned a level 2 spell: Passwall
   619 | D:1      | Reached XP level 3. HP: 12/19 MP: 0/6
   853 | D:1      | Learned a level 3 spell: Stone Arrow
  1760 | D:2      | Reached XP level 4. HP: 20/24 MP: 3/7
  1764 | D:2      | Reached skill level 1 in Conjurations
  1922 | D:2      | Reached skill level 5 in Earth Magic
  2090 | D:2      | Found an opulent altar of Gozag.
  2931 | D:3      | Reached skill level 1 in Armour
  2963 | D:3      | Reached XP level 5. HP: 28/28 MP: 6/9
  3363 | D:3      | Found a hide-covered altar of Uskayaw.
  3633 | D:3      | Reached XP level 6. HP: 30/32 MP: 10/10
  3996 | D:4      | Learned a level 4 spell: Petrify
  4092 | D:4      | Found Igeniv's General Store.
  4101 | D:4      | Bought a potion of mutation for 88 gold pieces
  4101 | D:4      | Gained mutation: You are robust. (+10% HP) [potion of mutation]
  4101 | D:4      | Gained mutation: You are somewhat resistant to further mutation. [potion of mutation]
  4101 | D:4      | Gained mutation: You are very robust. (+20% HP) [potion of mutation]
  4376 | D:5      | Entered Level 5 of the Dungeon
  4395 | D:5      | Found a staircase to the Ecumenical Temple.
  4402 | Temple   | Entered the Ecumenical Temple
  4427 | Temple   | Became a worshipper of Cheibriados the Contemplative
  4651 | D:5      | Reached skill level 1 in Invocations
  4928 | D:5      | Reached XP level 7. HP: 32/43 MP: 12/12
  4935 | D:5      | Reached * piety under Cheibriados
  5076 | D:5      | Noticed a slime creature
  5100 | D:5      | Killed a slime creature
  5100 | D:5      | Reached skill level 6 in Earth Magic
  5210 | D:5      | Reached skill level 1 in Fighting
  5311 | D:5      | Found a shattered altar of Ashenzari.
  5312 | D:5      | Found a bloodstained altar of Trog.
  5479 | D:6      | Reached XP level 8. HP: 52/52 MP: 10/14
  5487 | D:6      | Noticed Pikel
  6024 | D:5      | Killed Pikel
  6024 | D:5      | Reached skill level 5 in Fighting
  6024 | D:5      | Reached skill level 5 in Dodging
  6024 | D:5      | Reached XP level 9. HP: 38/66 MP: 12/15
  6213 | D:6      | Reached ** piety under Cheibriados
  6732 | D:7      | Learned a level 5 spell: Lee's Rapid Deconstruction
  6806 | D:7      | Found an iron altar of Okawaru.
  6949 | D:7      | Reached *** piety under Cheibriados
  7019 | D:7      | Reached skill level 5 in Spellcasting
  7019 | D:7      | Reached skill level 7 in Earth Magic
  7034 | D:7      | Reached XP level 10. HP: 60/72 MP: 7/18
  7355 | D:7      | Found a basalt altar of Yredelemnul.
  7786 | D:8      | Found Pookhomauxt's Weapon Shoppe.
  8086 | D:8      | Reached **** piety under Cheibriados
  8086 | D:8      | Reached skill level 8 in Earth Magic
  8096 | D:8      | Found a staircase to the Lair.
  8263 | D:8      | Found a white marble altar of Elyvilon.
  8443 | D:8      | Noticed a two-headed ogre
  8451 | D:8      | Killed a two-headed ogre
  8451 | D:8      | Reached skill level 5 in Conjurations
  8456 | D:8      | Reached skill level 1 in Long Blades
  8581 | D:8      | Noticed a two-headed ogre
  8588 | D:8      | Killed a two-headed ogre
  8588 | D:8      | Reached skill level 5 in Invocations
  8966 | D:8      | Found an iron altar of Okawaru.
  9105 | D:9      | Reached ***** piety under Cheibriados
  9241 | D:9      | Reached XP level 11. HP: 76/76 MP: 10/20
  9661 | D:9      | Noticed a two-headed ogre
  9668 | D:9      | Killed a two-headed ogre
  9668 | D:9      | Reached skill level 9 in Earth Magic
 10237 | D:10     | Entered Level 10 of the Dungeon
 10324 | D:10     | Noticed a two-headed ogre
 10331 | D:10     | Killed a two-headed ogre
 10667 | D:10     | Noticed a two-headed ogre
 10673 | D:10     | Killed a two-headed ogre
 10680 | D:10     | Noticed Grum
 10690 | D:10     | Killed Grum
 10907 | D:10     | Noticed Sonja
 10922 | D:10     | Killed Sonja
 10940 | D:10     | Reached skill level 10 in Earth Magic
 11002 | D:10     | Noticed Joseph
 11004 | D:10     | Noticed an enchanted great sword
 11009 | D:10     | Noticed Harold
 11011 | D:10     | Noticed Erica
 11013 | D:10     | Killed Joseph
 11015 | D:10     | Slain by an enchanted great sword

Skill      XL: |  1  2  3  4  5  6  7  8  9 10 11 |
---------------+----------------------------------+-----
Earth Magic    | 4 5 6 7 8 10 | 10.0
Dodging        | 2 5 6 7 |  7.7
Conjurations   | 1 2 3 4 5 7 |  7.2
Armour         | 2 3 4 |  4.0
Spellcasting   | 3 4 5 6 7 |  7.6
Invocations    | 1 2 3 5 6 |  6.7
Fighting       | 1 5 6 |  6.0
Long Blades    | 2 3 |  3.0
Stealth        | |  2.1
Transmutations | |  0.7

Action                   |  1- 3 |  4- 6 |  7- 9 | 10-12 || total
-------------------------+-------+-------+-------+-------++-------
Melee: Unarmed           |     4 |       |       |       ||     4
       Short sword       |    45 |       |       |       ||    45
       Dagger            |    73 |   174 |       |       ||   247
       Spear             |       |    65 |    31 |       ||    96
       Great sword       |       |       |    75 |     5 ||    80
       Scimitar          |       |       |       |    92 ||    92
Throw: Stone             |       |       |       |     1 ||     1
 Cast: Sandblast         |    21 |    38 |   103 |    32 ||   194
       Passwall          |       |     5 |       |       ||     5
       Stone Arrow       |       |       |       |    86 ||    86
       Lee's Rapid Decon |       |       |       |    10 ||    10
Invok: Bend Time         |       |       |     1 |       ||     1
  Use: Scroll            |     1 |     5 |       |     8 ||    14
       Potion            |       |     1 |       |       ||     1
 Stab: Sleeping          |     5 |       |       |     3 ||     8
  Eat: Ration            |     1 |       |       |     2 ||     3
       Chunk             |       |    10 |     4 |     4 ||    18
Armor: Robe              |    33 |    12 |       |       ||    45
       Ring mail         |       |    74 |   139 |    59 ||   272
       Troll leather arm |       |       |       |    24 ||    24
Dodge: Dodged            |   102 |   117 |   192 |   186 ||   597
       Rpst.: Great sword |       |       |    39 |     1 ||    40
       Scimitar          |       |       |       |    49 ||    49
